 Dungeon Crawl Stone Soup version 0.27-a0-926-g0e6d9124c6 (webtiles) character file.

Game seed: 5291791830335316597

100 DarkShadow the Chopper (level 4, -1/40 HPs)
             Began as a Minotaur Fighter on Apr 10, 2021.
             Slain by Terence
             ... wielding a +0 flail
              (3 damage)
             ... on level 3 of the Dungeon.
             The game lasted 00:03:29 (2058 turns).

DarkShadow the Chopper (Minotaur Fighter)           Turns: 2058, Time: 00:03:30

Health: -1/40      AC:  7    Str: 21    XL:     4   Next: 46%
Magic:  3/3        EV:  7    Int:  5    God:
Gold:   53         SH:  9    Dex: 10    Spells: 3/3 levels left

rFire    . . .     SeeInvis .   a - +0 war axe
rCold    . . .     Faith    .   c - +0 kite shield
rNeg     . . .     Spirit   .   b - +0 scale mail
rPois    .         Reflect  .   (helmet restricted)
rElec    .         Harm     .   (no cloak)
rCorr    .         Rampage  .   (no gloves)
Will     .....                  (no boots)
Stlth    ..........             (no amulet)
HPRegen  0.13/turn              (no ring)
MPRegen  0.08/turn              (no ring)

@: mighty
A: horns 2, retaliatory headbutt
a: no special abilities


You were on level 3 of the Dungeon.
You visited 1 branch of the dungeon, and saw 3 of its levels.

You collected 53 gold pieces.

Inventory:

Hand Weapons
 a - a +0 war axe (weapon)
Missiles
 e - 7 atropa-tipped darts (quivered)
Armour
 b - a +0 scale mail (worn)
 c - a +0 kite shield (worn)
Scrolls
 f - 2 scrolls of amnesia {unknown}
 j - a scroll of identify {unknown}
Potions
 g - 2 potions of lignification {unknown}
 h - a potion of degeneration {unknown}
 i - a potion of curing {unknown}


   Skills:
 + Level 4.0 Fighting
 * Level 4.7 Axes
 + Level 4.2 Armour
 + Level 4.0 Shields


You had 3 spell levels left.
You didn't know any spells.
Your spell library was empty.

Dungeon Overview and Level Annotations

Branches:
Dungeon (3/15)

Altars:

Annotations:
D:3 Terence


Innate Abilities, Weirdness & Mutations

You have a pair of horns on your head.
You reflexively headbutt those who attack you in melee.


Message History

Found 11 gold pieces.
Found a stone staircase leading up and a stone staircase leading down.
You block the rat's attack.
You closely miss the rat. The rat bites you but does no damage.
You slash the rat!
You kill the rat!
An endoplasm comes into view.
The endoplasm quivers.
Found a scroll labelled JAASEK EKYENAE.
Terence the Incautious comes into view.
He is wielding a +0 flail.
Terence shouts!
You block the endoplasm's attack.
You slash the endoplasm!
You kill the endoplasm!
Terence drinks a potion.
Terence goes berserk!
Terence closely misses you. You block Terence's attack.
You hit Terence.
Terence is lightly wounded.
You block Terence's attack. Terence hits you with a +0 flail!
You barely miss Terence.
Terence is lightly wounded.
You block Terence's attack. x2
You barely miss Terence. Your headbutt misses Terence.
Terence is lightly wounded.
Terence hits you with a +0 flail! Terence hits you with a +0 flail.
You are too injured to fight recklessly!
You are too injured to fight recklessly!
You are too injured to fight recklessly!
You are too injured to fight recklessly!
You are too injured to fight recklessly!
You are too injured to fight recklessly!
You are too injured to fight recklessly!
You are too injured to fight recklessly!
You feel very mighty all of a sudden. You block Terence's attack.
Terence hits you with a +0 flail!
* * * LOW HITPOINT WARNING * * *
You slash Terence! Your headbutt misses Terence.
Terence is heavily wounded.
Terence hits you with a +0 flail.
You die...

.... .... .....
#.....
#############....>.
#..?.....#.........
#........#.........
#........#....<....
#...@@......†......
#.................#
#................##
#................#
###.$........#.#..#
#.......##......#
##.....## .#.....
#...... .#.#..


You could see Terence (berserk).

Vanquished Creatures
  Robin (D:2)
  3 adders (D:2)
  A dart slug (D:1)
  8 ball pythons
  5 bats
  6 endoplasms
  2 giant cockroaches
  11 goblins
  4 hobgoblins
  2 kobolds (D:1)
  2 quokkas
  3 frilled lizards (D:1)
  5 rats
53 creatures vanquished.

Notes
Turn   | Place    | Note
-------+----------+-------------------------------------------
     0 | D:1      | DarkShadow the Minotaur Fighter began the quest for the
                  | Orb.
     0 | D:1      | Reached XP level 1. HP: 19/19 MP: 0/0
   136 | D:1      | Reached XP level 2. HP: 27/27 MP: 1/1
   779 | D:1      | Reached XP level 3. HP: 33/33 MP: 2/2
  1271 | D:2      | Noticed Robin
  1281 | D:2      | Killed Robin
  1282 | D:2      | Reached XP level 4. HP: 32/40 MP: 3/3
  1637 | D:2      | Found a faded altar of an unknown god.
  2049 | D:3      | Noticed Terence
  2057 | D:3      | HP: 2/40 [Terence/+0 flail (16)]
  2058 | D:3      | Slain by Terence

Illustrated notes

Levels and vault maps discovered:
D:1:      elethiomel_arrival_quiet, layout_basic
D:2:      layout_loops_ring, shapermc_ecumenical_altar_notcrosses,
          nrook_campfire, dk_noncrumbling_4, uniq_robin
D:3:      layout_rooms, serial_shops, shop, kennysheep_potato,
          uniq_crazy_yiuf_cottage, uniq_terence, uniq_jessica, uniq_sigmund

Skill      XL: |  1  2  3 |
---------------+----------+-----
Armour         | 4 |  4.2
Fighting       | 4 |  4.0
Axes           | 3 4 |  4.7
Shields        | 4 |  4.0

Action                   |  1- 3 |  4- 6 || total
-------------------------+-------+-------++-------
Melee: War axe           |    78 |    32 ||   110
       Headbutt          |    11 |     3 ||    14
  Use: Potion            |       |     1 ||     1
Armor: Scale mail        |    33 |    14 ||    47
Dodge: Dodged            |    23 |     7 ||    30
Block: Kite shield       |    31 |    17 ||    48

Table legend: (Time is in decaauts)
 A = Elapsed time spent in this place.
 B = Non-inter-level travel time spent in this place.
 C = Inter-level travel time spent in this place.
 D = Time resting spent in this place.
 E = Time spent auto-exploring this place.
 F = Levels seen in this place.
 G = Mean time per level.
                   A        B        C        D        E       F      G
               +--------+--------+--------+--------+--------+-----+--------+
         Total |   2120 |   2060 |     60 |    112 |   1649 |   3 |  706.7 |
       Dungeon |   2120 |   2060 |     60 |    112 |   1649 |   3 |  706.7 |
               +--------+--------+--------+--------+--------+-----+--------+

Top non-repeatable levels by time:
     D:1: 1163 daAuts
     D:2: 940 daAuts
     D:3: 17 daAuts
